 Dungeon Crawl Stone Soup version 0.30-a0-782-ge64f9170bb (webtiles) character file.

Game seed: 1289712199791477004

1470 theswoord the Twirler (level 8, -1/50 (56) HPs)
             Began as a Demonspawn Gladiator on Feb 19, 2023.
             Slain by Joseph
             ... wielding a +0 quarterstaff of draining
              (11 damage)
             ... on level 7 of the Dungeon.
             The game lasted 00:06:20 (4711 turns).

theswoord the Twirler (Demonspawn Gladiator)        Turns: 4711, Time: 00:06:21

HP:   -1/50 (56)    AC: 11    Str: 18    XL:     8   Next: 49%
MP:   8/8           EV:  7    Int:  9    God:
Gold: 2735          SH:  4    Dex: 14    Spells: 7/7 levels left

rFire   . . .      SeeInvis +    x - +7 lajatang of Order {silver, rMut}
rCold   . . .      Faith    .    (shield currently unavailable)
rNeg    . . .      Spirit   .    g - +1 chain mail
rPois   .          Reflect  .    (helmet unavailable)
rElec   .          Harm     .    q - +0 cloak
rCorr   .          Rampage  .    (no gloves)
rMut    +                        (no boots)
Will    .....                    (no amulet) Stlth
                                 (no ring)
HPRegen 0.28/turn                (no ring)
MPRegen 0.11/turn

@: studying Polearms, heavily drained
A: antennae 3, sharp scales 1, condensation shield
a: no special abilities


You were on level 7 of the Dungeon.
You visited 1 branch of the dungeon, and saw 7 of its levels.

You collected 2735 gold pieces.

Inventory:

Hand Weapons
 a - a +1 flail
 x - the +7 lajatang of Order (weapon) {silver, rMut}
   (You acquired it on level 4 of the Dungeon)

   rMut:      It protects you from mutation.
Missiles
 d - 3 throwing nets (quivered)
 e - a javelin
Armour
 b - a +0 leather armour
 c - a +0 helmet
 g - a +1 chain mail (worn)
 q - a +0 cloak (worn)
 F - a +0 pair of boots
Jewellery
 j - a ring of flight
 t - a ring of fire
 z - the ring "Puoseh" {rC+ rN++ rCorr}
   (You found it on level 5 of the Dungeon)

   [ring of protection from cold]

   rC:        It protects you from cold.
   rN:        It greatly protects you from negative energy.
   rCorr:     It protects you from acid and corrosion.
Wands
 u - a wand of roots (5)
 D - a wand of digging (7)
Scrolls
 f - a scroll of vulnerability
 i - a scroll of teleportation
 l - a scroll of immolation
 o - 5 scrolls of enchant armour
 p - 2 scrolls of blinking
 r - a scroll of amnesia
 y - a scroll of fog
 A - a scroll of magic mapping
 B - a scroll of enchant weapon
 E - 2 scrolls of identify
Potions
 h - 2 potions of lignification
 k - a potion of mutation
 m - 6 potions of flight
 n - a potion of heal wounds
 s - 3 potions of curing
 v - a potion of haste
 w - 2 potions of might
 C - a potion of attraction {unknown}


   Skills:
 - Level 2.0 Fighting
 - Level 6.5(8.2) Maces & Flails
 + Level 7.5(8.7) Staves
 - Level 1.7 Throwing
 - Level 2.6 Dodging


You had 7 spell levels left.
You didn't know any spells.
Your spell library contained the following spells:

 Spells                   Type           Power      Damage    Failure   Level
 Kiss of Death            Conj/Necr      0%         2d5       100%        1
 Lesser Beckoning         Tloc           0%         N/A       100%        2
 Confusing Touch          Hex            0%         N/A       100%        3
 Gell's Gravitas          Tloc           0%         N/A       100%        3
 Teleport Other           Tloc           0%         N/A       100%        3
 Dispel Undead            Necr           0%         3d6       100%        4


Dungeon Overview and Level Annotations

Branches:
Dungeon (7/15)
 Temple: D:4-7

Altars:
Fedhas
Hepliaklqana
Makhleb
Ru
Sif Muna
Xom

Annotations:
D:7 Joseph


Innate Abilities, Weirdness & Mutations

You have a pair of large antennae on your head. (SInv)
You are partially covered in razor-sharp scales. (AC +1, Slay +1)
A meltable shield of frost defends you. (SH +4)


Message History

No target in view!
No target in view!
No target in view!
No target in view!
No target in view!
You see here a +0 whip.
There is a stone staircase leading up here.
You now have 2710 gold pieces (gained 14).
Found a robe.
m - 6 potions of flight (gained 1)
E - 2 scrolls of identify (gained 1)
You pick up a manual of Polearms and begin studying.
Found a stone staircase leading up.
You now have 2718 gold pieces (gained 8).
You now have 2735 gold pieces (gained 17).
Joseph, a Mercenary comes into view.
He is wielding a +0 quarterstaff of draining.
Joseph unwields a +0 quarterstaff of draining.
Joseph wields a +0 sling.
Joseph shoots a sling bullet.
The sling bullet hits you!
Joseph is nearby!
Joseph is nearby!
Joseph shoots a sling bullet.
The sling bullet hits you.
Joseph shoots a sling bullet.
You block the sling bullet.
Joseph unwields a +0 sling.
Joseph wields a +0 quarterstaff of draining.
You sense an unholy aura.
Joseph hits you with a +0 quarterstaff of draining.
You feel drained.
You slash Joseph!
Joseph looks very unfriendly.
Joseph hits you with a +0 quarterstaff of draining!
You feel drained.
You slice Joseph!!
Joseph hits you with a +0 quarterstaff of draining!
* * * LOW HITPOINT WARNING * * *
You feel drained.
* * * LOW HITPOINT WARNING * * *
You barely miss Joseph.
Joseph hits you with a +0 quarterstaff of draining!
You die...

##......#...##
#.# #.#
###.......<.##
#.# #.#
#...........#
#.# #.#
#...........#
..# #..
#...........#
.## ##.
##..........###
. #.
##...#.......#
##
####...###..#
#...#$@# #.$..
#.####@# ....
#.. #.. ## #.
##.. # #.. ...
.#.. #...


You could see Joseph.

Vanquished Creatures
  Prince Ribbit (D:5)
  Menkaure (D:4)
  2 sky beasts (D:6)
  5 phantoms
  A kobold brigand (D:6)
  A scorpion (D:5)
  A howler monkey (D:6)
  Crazy Yiuf (D:3)
  4 hounds
  An orc priest (D:7)
  2 iguanas (D:5)
  An orc wizard (D:6)
  Natasha (twice) (D:2)
  5 adders
  2 ufetubi
  2 dart slugs
  10 orcs
  9 ball pythons
  4 endoplasms
  7 giant cockroaches
  4 goblins
  5 hobgoblins
  13 kobolds
  3 quokkas
  5 bats
  2 frilled lizards
  8 rats
102 creatures vanquished.

Notes
Turn   | Place    | Note
-------+----------+-------------------------------------------
     0 | D:1      | theswoord the Demonspawn Gladiator began the quest for the
                  | Orb.
     0 | D:1      | Reached XP level 1. HP: 16/16 MP: 1/1
   184 | D:1      | Gained mutation: You have a pair of small antennae on your
                  | head. [demonic ancestry]
   184 | D:1      | Reached XP level 2. HP: 21/22 MP: 2/2
   790 | D:2      | Gained mutation: You have a pair of antennae on your head.
                  | [demonic ancestry]
   790 | D:2      | Reached XP level 3. HP: 27/27 MP: 3/3
   802 | D:2      | Noticed Natasha
   812 | D:2      | Killed Natasha
  1023 | D:2      | Noticed Natasha
  1035 | D:2      | Killed Natasha
  1036 | D:2      | Gained mutation: You are partially covered in razor-sharp
                  | scales. (AC +1, Slay +1) [demonic ancestry]
  1036 | D:2      | Reached XP level 4. HP: 8/33 MP: 4/4
  1629 | D:3      | Reached skill level 5 in Maces & Flails
  1780 | D:3      | Found a runed translucent door.
  1781 | D:3      | Noticed Crazy Yiuf
  1794 | D:3      | Killed Crazy Yiuf
  1795 | D:3      | Gained mutation: You have a pair of large antennae on your
                  | head. (SInv) [demonic ancestry]
  1795 | D:3      | Reached XP level 5. HP: 8/38 MP: 5/5
  2101 | D:3      | Identified 2 scrolls of acquirement
  2101 | D:3      | Acquired 1273 gold pieces
  2271 | D:4      | Noticed Menkaure
  2280 | D:4      | Killed Menkaure
  2284 | D:4      | Gained mutation: A meltable shield of frost defends you.
                  | (SH +4) [demonic ancestry]
  2284 | D:4      | Reached XP level 6. HP: 23/44 MP: 6/6
  2374 | D:4      | Found a hazy altar of Hepliaklqana.
  2557 | D:4      | Acquired 1079 gold pieces
  2635 | D:4      | Acquired the +7 lajatang of Order {silver, rMut}
  2635 | D:4      | Found the +7 lajatang of Order {silver, rMut}
  2779 | D:4      | Reached skill level 1 in Staves
  2953 | D:5      | Entered Level 5 of the Dungeon
  2971 | D:5      | Reached skill level 2 in Staves
  3133 | D:5      | Reached skill level 3 in Staves
  3133 | D:5      | Reached XP level 7. HP: 46/50 MP: 7/7
  3230 | D:5      | Identified the ring "Puoseh" {rC+ rN++ rCorr}
  3596 | D:5      | Found a blossoming altar of Fedhas.
  3596 | D:5      | Found a shimmering altar of Xom.
  3638 | D:5      | Noticed Prince Ribbit
  3651 | D:5      | Killed Prince Ribbit
  3652 | D:5      | Reached skill level 4 in Staves
  3906 | D:6      | Reached skill level 5 in Staves
  3975 | D:6      | Found a shimmering blue altar of Sif Muna.
  4070 | D:6      | Reached XP level 8. HP: 37/56 MP: 8/8
  4085 | D:6      | Reached skill level 6 in Staves
  4326 | D:6      | Reached skill level 7 in Staves
  4522 | D:6      | Found a sacrificial altar of Ru.
  4523 | D:6      | Found a burning altar of Makhleb.
  4700 | D:7      | Noticed Joseph
  4711 | D:7      | Slain by Joseph

Skill      XL: |  1  2  3  4  5  6  7  8 |
---------------+-------------------------+-----
Maces & Flails | 3 4 5 6 |  6.5
Staves         | 3 5 7 |  7.5
Fighting       | |  2.0
Throwing       | |  1.7
Dodging        | |  2.6

Action                     |  1- 3 |  4- 6 |  7- 9 || total
---------------------------+-------+-------+-------++-------
  Melee: Flail             |   111 |    81 |       ||   192
         Punch             |     1 |     2 |       ||     3
         Lajatang          |       |    17 |   102 ||   119
  Throw: Throwing net      |       |     1 |       ||     1
    Use: Scroll            |       |    14 |     5 ||    19
 Armour: Chain mail        |    93 |    49 |    43 ||   185
         Leather armour    |     1 |       |       ||     1
  Dodge: Dodged            |    48 |    28 |    35 ||   111
  Block: Other             |       |     5 |    12 ||    17

Levels and vault maps discovered:
D:1:      onia_arrival_pyramid, layout_basic
D:2:      layout_basic, uniq_natasha
D:3:      layout_basic, amethyst_killhole, glass_columns_b,
          uniq_crazy_yiuf_cottage
D:4:      layout_basic, general_overflow_altar, uniq_menkaure
D:5:      layout_basic, zin_treasury, gammafunk_temple_overflow_wave,
          uniq_prince_ribbit1
D:6:      layout_basic, gammafunk_temple_overflow_forgotten,
          mainiacjoe_overflow_paths
D:7:      layout_rooms, minmay_temple_entry_gardened_gates, uniq_joseph
